UAA
TACOMA FUR TRADERS @ RICHLAND RAILS
07/07/2017
 
TOP OF THE 1ST
Ft. Polk South Thunder Hawks batting - Pitching for Irving Blue Sox : RHP Jim Unknown
Pitching: RHP Jim Unknown
Batting: RHB Chi-ju Zhang 0-0: Called Strike
0-1: Swinging Strike
0-2: Ball
1-2: Ball
2-2: Ground out 4-3 (Groundball, 4M)
Batting: RHB Jared Smith 0-0: Ball
1-0: Called Strike
1-1: Foul Ball, location: 2F
1-2: Ground out 4-3 (Groundball, 34)
Batting: RHB Michael Collins 0-0: Ball
1-0: Fly out, F7 (Line Drive, 78M)
Top of the 1st over - 0 run(s), 0 hit(s), 0 error(s), 0 left on base; Ft. Polk South 0 - Irving 0
BOTTOM OF THE 1ST
Irving Blue Sox batting - Pitching for Ft. Polk South Thunder Hawks : RHP Matt Harris
Pitching: RHP Matt Harris
Batting: RHB Daniel Molina 0-0: Ground out 4-3 (Groundball, 4)
Batting: RHB Pat Lugo 0-0: Ball
1-0: Called Strike
1-1: DOUBLE (Flyball, 8LXD)
Batting: RHB Nathan Norris 0-0: Ball
1-0: Ball
2-0: Ball
3-0: Called Strike
3-1: Base on Balls
Batting: RHB Dustin Johnstone 0-0: Called Strike
0-1: Ball
1-1: Ball
2-1: Called Strike
2-2: Foul Ball, location: 2F
2-2: Ball
3-2: Strikes out swinging
Batting: RHB Jim Unknown 0-0: Ball
1-0: Ball
2-0: Called Strike
2-1: Ball
3-1: Base on Balls
Pat Lugo to third
Nathan Norris to second
Batting: LHB Mathew Rose 0-0: Reached on error, E4 (Groundball, 4)
Pat Lugo scores
Nathan Norris scores
Jim Unknown to third
Batting: RHB Dennis Newell 0-0: Ball
1-0: Fly out, F8 (Flyball, 8RM)
Bottom of the 1st over - 2 run(s), 1 hit(s), 1 error(s), 2 left on base; Ft. Polk South 0 - Irving 2
TOP OF THE 2ND
Ft. Polk South Thunder Hawks batting - Pitching for Irving Blue Sox : RHP Jim Unknown
Batting: RHB Javier Díaz 0-0: Foul Ball, location: 2F
0-1: Swinging Strike
0-2: Ball
1-2: Ball
2-2: Ball
3-2: Foul Ball, location: 2F
3-2: Foul Ball, location: 2F
3-2: Foul Ball, location: 2F
3-2: Foul Ball, location: 2F
3-2: Ground out 6-3 (Groundball, 6)
Batting: RHB Dave O'Day 0-0: SINGLE (Line Drive, 89S)
Batting: LHB Raúl Valentín 0-0: Foul Ball, location: 2F
0-1: Grounds into double play, 1-4-3 (Groundball, 13)
Top of the 2nd over - 0 run(s), 1 hit(s), 0 error(s), 0 left on base; Ft. Polk South 0 - Irving 2
BOTTOM OF THE 2ND
Irving Blue Sox batting - Pitching for Ft. Polk South Thunder Hawks : RHP Matt Harris
Batting: SHB Ron Peterson 0-0: Ball
1-0: Foul Ball, location: 2F
1-1: Called Strike
1-2: Ball
2-2: Ball
3-2: Foul Ball, location: 2F
3-2: Ground out 6-3 (Groundball, 6)
Batting: RHB Tony Quintana 0-0: Ball
1-0: Called Strike
1-1: Foul Ball, location: 2F
1-2: Strikes out swinging
Batting: RHB Daniel Molina 0-0: Called Strike
0-1: Bunted foul
0-2: Ball
1-2: Fly out, F4 (Popup, 34D)
Bottom of the 2nd over - 0 run(s), 0 hit(s), 0 error(s), 0 left on base; Ft. Polk South 0 - Irving 2
TOP OF THE 3RD
Ft. Polk South Thunder Hawks batting - Pitching for Irving Blue Sox : RHP Jim Unknown
Batting: SHB Josef Koper 0-0: Hit by Pitch
Batting: RHB Mal Green 0-0: Grounds into double play, 6-4-3 (Groundball, 6)
Batting: RHB Dave Farr 0-0: Ball
1-0: Called Strike
1-1: Ball
2-1: Foul Ball, location: 2F
2-2: Strikes out swinging
Top of the 3rd over - 0 run(s), 0 hit(s), 0 error(s), 0 left on base; Ft. Polk South 0 - Irving 2
BOTTOM OF THE 3RD
Irving Blue Sox batting - Pitching for Ft. Polk South Thunder Hawks : RHP Matt Harris
Batting: RHB Pat Lugo 0-0: Swinging Strike
0-1: Ball
1-1: SINGLE (Groundball, 5D)
Batting: RHB Nathan Norris 0-0: Ball
1-0: Fly out, F9 (Flyball, 89M)
Batting: RHB Dustin Johnstone 0-0: Ball
1-0: Called Strike
1-1: SINGLE (Groundball, 56D)
Pat Lugo to second
Batting: RHB Jim Unknown 0-0: Ball
1-0: Swinging Strike
1-1: Ball
2-1: SINGLE (Groundball, 34D) (infield hit)
Pat Lugo to third
Dustin Johnstone to second
Batting: LHB Mathew Rose 0-0: Swinging Strike
0-1: Swinging Strike
0-2: Foul Ball, location: 2F
0-2: Ball
1-2: Ball
2-2: Foul Ball, location: 2F
2-2: Ball
3-2: Fly out, F7 (Flyball, 78S)
Batting: RHB Dennis Newell 0-0: SINGLE (Groundball, 4)
Pat Lugo scores
Dustin Johnstone to third
Jim Unknown to second
Runner from 3rd tries for Home, SAFE, no throw or cutoff
Batting: SHB Ron Peterson 0-0: Called Strike
0-1: Ball
1-1: Foul Ball, location: 2F
1-2: Fly out, F7 (Flyball, 7M)
Bottom of the 3rd over - 2 run(s), 4 hit(s), 0 error(s), 2 left on base; Ft. Polk South 0 - Irving 4
TOP OF THE 4TH
Ft. Polk South Thunder Hawks batting - Pitching for Irving Blue Sox : RHP Jim Unknown
Batting: RHB Chi-ju Zhang 0-0: Foul Ball, location: 2F
0-1: Called Strike
0-2: Ball
1-2: Foul Ball, location: 2F
1-2: Strikes out swinging
Batting: RHB Jared Smith 0-0: Ball
1-0: Ball
2-0: Ball
3-0: Called Strike
3-1: Called Strike
3-2: Foul Ball, location: 2F
3-2: Fly out, F9 (Flyball, 89M)
Batting: RHB Michael Collins 0-0: Ball
1-0: Ball
2-0: Ball
3-0: Swinging Strike
3-1: Called Strike
3-2: Strikes out looking
Top of the 4th over - 0 run(s), 0 hit(s), 0 error(s), 0 left on base; Ft. Polk South 0 - Irving 4
BOTTOM OF THE 4TH
Irving Blue Sox batting - Pitching for Ft. Polk South Thunder Hawks : RHP Matt Harris
Batting: RHB Tony Quintana 0-0: Ball
1-0: Foul Ball, location: 2F
1-1: Called Strike
1-2: Strikes out looking
Batting: RHB Daniel Molina 0-0: Ball
1-0: Ball
2-0: Called Strike
2-1: Ball
3-1: Foul Ball, location: 2F
3-2: Base on Balls
Batting: RHB Pat Lugo 0-0: Foul Ball, location: 2F
0-1: Ball
1-1: Ball
2-1: Foul Ball, location: 2F
2-2: Ball
Daniel Molina steals 2nd base
3-2: Base on Balls
Batting: RHB Nathan Norris 0-0: Swinging Strike
0-1: SINGLE (Groundball, 4MD)
Daniel Molina to third
Pat Lugo to second
Runner from 3rd tries for Home, SAFE, no throw or cutoff
Batting: RHB Dustin Johnstone 0-0: Called Strike
0-1: Swinging Strike
0-2: Ball
1-2: Foul Ball, location: 2F
1-2: Ball
Passed Ball!
Pat Lugo to third
Nathan Norris to second
2-2: Strikes out swinging
Batting: RHB Jim Unknown 0-0: Ball
1-0: Ball
2-0: Ball
3-0: Called Strike
3-1: Called Strike
3-2: Foul Ball, location: 2F
3-2: SINGLE (Flyball, 9LS)
Pat Lugo scores
Nathan Norris to third
Nathan Norris scores
Pitching: RHP Armando Árias
Batting: LHB Mathew Rose 0-0: Called Strike
0-1: SINGLE (Line Drive, 89S)
Jim Unknown to second
Batting: RHB Dennis Newell 0-0: Ball
1-0: Foul Ball, location: 2F
1-1: Swinging Strike
1-2: Ball
2-2: Ball
3-2: Foul Ball, location: 2F
3-2: Foul Ball, location: 2F
3-2: Strikes out looking
Bottom of the 4th over - 3 run(s), 3 hit(s), 0 error(s), 2 left on base; Ft. Polk South 0 - Irving 7
TOP OF THE 5TH
Ft. Polk South Thunder Hawks batting - Pitching for Irving Blue Sox : RHP Jim Unknown
Batting: RHB Javier Díaz 0-0: Swinging Strike
0-1: Fly out, F8 (Flyball, 8RM)
Batting: RHB Dave O'Day 0-0: Ball
1-0: Ball
2-0: Ground out 6-3 (Groundball, 6)
Batting: LHB Raúl Valentín 0-0: Ball
1-0: Fly out, F8 (Flyball, 8LM)
Top of the 5th over - 0 run(s), 0 hit(s), 0 error(s), 0 left on base; Ft. Polk South 0 - Irving 7
BOTTOM OF THE 5TH
Irving Blue Sox batting - Pitching for Ft. Polk South Thunder Hawks : RHP Armando Árias
Batting: SHB Ron Peterson 0-0: Ball
1-0: Foul Ball, location: 2F
1-1: DOUBLE (Line Drive, 78M)
Batting: RHB Tony Quintana 0-0: Ball
1-0: Ground out 3-1 (Groundball, 34)
Ron Peterson to third
Batting: RHB Daniel Molina 0-0: Ball
1-0: Called Strike
1-1: Foul Ball, location: 2F
1-2: Ball
2-2: SINGLE (Line Drive, 9S)
Ron Peterson scores
Batting: RHB Pat Lugo 0-0: Ball
1-0: Called Strike
Daniel Molina steals 2nd base
1-1: SINGLE (Line Drive, 8LS)
Daniel Molina to third
Runner from 3rd tries for Home, SAFE, no throw or cutoff
Batting: RHB Nathan Norris 0-0: Ball
1-0: Ball
2-0: Ball
3-0: Called Strike
3-1: Called Strike
3-2: Foul Ball, location: 2F
3-2: Ground out 1-3 (Groundball, 13)
Pat Lugo to second
Batting: RHB Dustin Johnstone 0-0: Ball
1-0: Ball
2-0: Ball
3-0: Called Strike
3-1: Called Strike
3-2: Foul Ball, location: 2F
3-2: Foul Ball, location: 2F
3-2: Foul Ball, location: 2F
3-2: Strikes out looking
Bottom of the 5th over - 2 run(s), 3 hit(s), 0 error(s), 1 left on base; Ft. Polk South 0 - Irving 9
TOP OF THE 6TH
Ft. Polk South Thunder Hawks batting - Pitching for Irving Blue Sox : RHP Jim Unknown
Batting: SHB Josef Koper 0-0: Ball
1-0: Ball
2-0: SINGLE (Groundball, 6D) (infield hit)
Batting: RHB Mal Green 0-0: Foul Ball, location: 2F
0-1: Swinging Strike
0-2: Ball
1-2: Foul Ball, location: 2F
1-2: Ball
2-2: DOUBLE (Line Drive, 7LM)
Josef Koper to third
Batting: RHB Dave Farr 0-0: Called Strike
0-1: Ball
1-1: Ball
2-1: SINGLE (Line Drive, 56D)
Josef Koper scores
Mal Green to third
Runner from 3rd tries for Home, SAFE, throw made home
Batting: RHB Chi-ju Zhang 0-0: Called Strike
0-1: Called Strike
0-2: Fielders Choice at 2nd, 5-4 (Groundball, 56)
Batting: RHB Jared Smith 0-0: Ball
Chi-ju Zhang steals 2nd base
1-0: Ball
2-0: Ball
3-0: Called Strike
3-1: Called Strike
3-2: Fly out, F6 (Popup, 6M)
Batting: RHB Michael Collins 0-0: Foul Ball, location: 2F
0-1: SINGLE (Groundball, 56D)
Chi-ju Zhang to third
Runner from 3rd tries for Home, SAFE, no throw or cutoff
Batting: RHB Javier Díaz Pickoff Throw to First - Out!
Top of the 6th over - 3 run(s), 4 hit(s), 0 error(s), 0 left on base; Ft. Polk South 3 - Irving 9
BOTTOM OF THE 6TH
Irving Blue Sox batting - Pitching for Ft. Polk South Thunder Hawks : RHP Armando Árias
Batting: RHB Jim Unknown 0-0: Swinging Strike
0-1: Foul Ball, location: 2F
0-2: Foul Ball, location: 2F
0-2: Ball
1-2: Foul Ball, location: 2F
1-2: Ball
2-2: Foul Ball, location: 2F
2-2: Fly out, F8 (Flyball, 8LM)
Batting: LHB Mathew Rose 0-0: Ball
1-0: SINGLE (Flyball, 7S) - OUT at second base trying to stretch hit.
Batting: RHB Dennis Newell 0-0: Reached on error, E4 (Groundball, 4)
Batting: SHB Ron Peterson 0-0: Called Strike
0-1: Ball
1-1: DOUBLE (Flyball, 7M)
Dennis Newell to third
Batting: RHB Tony Quintana 0-0: Swinging Strike
0-1: Ball
1-1: Swinging Strike
1-2: Fly out, F7 (Flyball, 7D)
Bottom of the 6th over - 0 run(s), 2 hit(s), 1 error(s), 2 left on base; Ft. Polk South 3 - Irving 9
TOP OF THE 7TH
Ft. Polk South Thunder Hawks batting - Pitching for Irving Blue Sox : RHP Jim Unknown
Batting: RHB Javier Díaz 0-0: Ball
1-0: Called Strike
1-1: Ball
2-1: Ball
3-1: Foul Ball, location: 2F
3-2: Strikes out swinging
Batting: RHB Dave O'Day 0-0: Ball
1-0: Ground out 4-3 (Groundball, 34)
Batting: LHB Raúl Valentín 0-0: Ball
1-0: Swinging Strike
1-1: Ball
2-1: Ball
3-1: Fly out, F7 (Line Drive, 7S)
Top of the 7th over - 0 run(s), 0 hit(s), 0 error(s), 0 left on base; Ft. Polk South 3 - Irving 9
BOTTOM OF THE 7TH
Irving Blue Sox batting - Pitching for Ft. Polk South Thunder Hawks : RHP Armando Árias
Pitching: LHP Cristóbal Cardona
Batting: RHB Daniel Molina 0-0: Ball
1-0: Ball
2-0: Ball
3-0: Called Strike
3-1: Fly out, F5 (Popup, 56S)
Batting: RHB Pat Lugo 0-0: Ball
1-0: Ball
2-0: Foul Ball, location: 2F
2-1: Called Strike
2-2: Strikes out swinging
Batting: RHB Nathan Norris 0-0: Swinging Strike
0-1: Foul Ball, location: 2F
0-2: Ball
1-2: Ball
2-2: Fly out, F6 (Popup, 5L)
Bottom of the 7th over - 0 run(s), 0 hit(s), 0 error(s), 0 left on base; Ft. Polk South 3 - Irving 9
TOP OF THE 8TH
Ft. Polk South Thunder Hawks batting - Pitching for Irving Blue Sox : RHP Jim Unknown
Batting: SHB Josef Koper 0-0: Hit by Pitch
Batting: RHB Mal Green 0-0: Called Strike
0-1: Swinging Strike
0-2: Ball
1-2: Foul Ball, location: 2F
1-2: Strikes out swinging
Batting: RHB Dave Farr 0-0: Ball
1-0: Foul Ball, location: 2F
1-1: Ball
2-1: Ball
3-1: Fly out, F9 (Line Drive, 9S)
Batting: RHB Chi-ju Zhang 0-0: Called Strike
0-1: Swinging Strike
0-2: Foul Ball, location: 2F
0-2: Foul Ball, location: 2F
0-2: Ball
1-2: Strikes out swinging
Top of the 8th over - 0 run(s), 0 hit(s), 0 error(s), 1 left on base; Ft. Polk South 3 - Irving 9
BOTTOM OF THE 8TH
Irving Blue Sox batting - Pitching for Ft. Polk South Thunder Hawks : LHP Cristóbal Cardona
Batting: RHB Dustin Johnstone 0-0: Ball
1-0: Ball
2-0: Called Strike
2-1: Ball
3-1: SOLO HOME RUN (Flyball, 7LD), Distance : 375 ft
Batting: RHB Jim Unknown 0-0: Ball
1-0: Ball
2-0: Called Strike
2-1: SINGLE (Line Drive, 7LM)
Batting: LHB Mathew Rose 0-0: Called Strike
0-1: Foul Ball, location: 2F
0-2: Ball
1-2: Foul Ball, location: 2F
1-2: Foul Ball, location: 2F
1-2: Ball
2-2: DOUBLE (Flyball, 7LD)
Jim Unknown to third
Batting: RHB Dennis Newell 0-0: Ball
1-0: Ball
2-0: DOUBLE (Line Drive, 3L)
Jim Unknown scores
Mathew Rose scores
Batting: SHB Ron Peterson 0-0: Ball
1-0: Called Strike
1-1: Ball
2-1: Called Strike
2-2: Foul Ball, location: 2F
2-2: Fly out, F9 (Line Drive, 9LM)
Batting: RHB Tony Quintana 0-0: Foul Ball, location: 2F
0-1: Foul Ball, location: 2F
0-2: Ball
1-2: Foul Ball, location: 2F
1-2: Foul Ball, location: 2F
1-2: Strikes out swinging passed ball, reaches first!
Dennis Newell to third
Pitching: RHP Jordan Collins
Batting: RHB Daniel Molina 0-0: Grounds into double play, 6-4-3 (Groundball, 6)
Bottom of the 8th over - 3 run(s), 4 hit(s), 0 error(s), 1 left on base; Ft. Polk South 3 - Irving 12
TOP OF THE 9TH
Ft. Polk South Thunder Hawks batting - Pitching for Irving Blue Sox : RHP Jim Unknown
Pitching: RHP Luis Hernández
Batting: RHB Jared Smith 0-0: Called Strike
0-1: Ball
1-1: Swinging Strike
1-2: SOLO HOME RUN (Flyball, 7LD), Distance : 359 ft
Batting: RHB Michael Collins 0-0: Called Strike
0-1: Ball
1-1: Foul Ball, location: 2F
1-2: Ball
2-2: Foul Ball, location: 2F
2-2: Foul Ball, location: 2F
2-2: Foul Ball, location: 2F
2-2: Ball
3-2: Base on Balls
Batting: RHB Javier Díaz 0-0: Ball
1-0: Ball
2-0: Called Strike
2-1: Reached on error, E5 (Groundball, 5L)
Michael Collins to second
Batting: RHB Dave O'Day 0-0: Called Strike
0-1: Ball
1-1: Ball
2-1: Foul Ball, location: 2F
2-2: SINGLE (Flyball, 9S)
Michael Collins to third
Javier Díaz to second
Runner from 3rd tries for Home, SAFE, no throw or cutoff
Batting: LHB Raúl Valentín 0-0: 3-RUN HOME RUN (Line Drive, 9LD), Distance : 345 ft
Pitching: RHP José Gutiérrez
Batting: SHB Josef Koper 0-0: Ball
1-0: Ground out 3-1 (Groundball, 34)
Batting: RHB Mal Green 0-0: SOLO HOME RUN (Flyball, 7D), Distance : 394 ft
Pitching: LHP Bryan Jones
Batting: RHB Dave Farr 0-0: Called Strike
0-1: Ball
1-1: Foul Ball, location: 2F
1-2: Ball
2-2: Foul Ball, location: 2F
2-2: Strikes out looking
Batting: RHB Chi-ju Zhang 0-0: Ground out 4-3 (Groundball, 4)
Top of the 9th over - 6 run(s), 4 hit(s), 1 error(s), 0 left on base; Ft. Polk South 9 - Irving 12
This league is powered by Out of the Park Baseball, the baseball management simulation game for PC, Mac and Linux
Saturday, February 27th, 2021 - OOTP Baseball 15.6 Build 34